 Dungeon Crawl Stone Soup version 0.31-a0-636-ge1c0e020e0 (webtiles) character file.

Game seed: 4237677678470892149

104 rvierbuc the Ruffian (level 4, -2/35 HPs)
             Began as a Draconian Shapeshifter on Aug 26, 2023.
             Slain by an ogre
             ... wielding a +0 giant club
              (16 damage)
             ... on level 3 of the Dungeon.
             The game lasted 00:09:26 (2023 turns).

rvierbuc the Ruffian (Draconian Shapeshifter)       Turns: 2023, Time: 00:09:27

Health: -2/35      AC:  5    Str: 18    XL:     4   Next: 52%
Magic:  4/4        EV: 13    Int: 10    God:
Gold:   94         SH:  0    Dex: 17    Spells: 2/3 levels left

rFire   + .          .
                       - Unarmed
rCold   . . .        (no shield)
rNeg    . . .        (body armour unavailable)
rPois   .            (helmet currently unavailable)
rElec   .            (cloak currently unavailable)
rCorr   .            (gloves currently unavailable)
SInv    .            (boots currently unavailable)
Will    .....        (no amulet)
Stlth   ++           o - ring of protection from fire
HPRegen 0.25/turn    s - +6 ring of dexterity
MPRegen 0.09/turn

%: no passive effects
@: beast-form
A: beast (slay +2), AC +5, unfitting armour, cold-blooded
a: Begin Untransformation


You were on level 3 of the Dungeon.
You were a hulking beast.
You visited 1 branch of the dungeon, and saw 3 of its levels.

You collected 94 gold pieces.

Inventory:

Hand Weapons
 d - a +0 dagger
Missiles
 m - 3 poisoned darts
Magical Staves
 p - a staff of earth
Jewellery
 o - a ring of protection from fire (left hand)
 s - a +6 ring of dexterity (right hand)
Talismans
 b - a beast talisman (active)
 c - a flux talisman
 g - a maw talisman
Scrolls
 e - a scroll of identify {unknown}
 f - a scroll of amnesia {unknown}
 k - a scroll of vulnerability {unknown}
 l - a scroll of revelation {unknown}
 r - a scroll of poison {unknown}
Potions
 a - 4 potions of lignification
 h - a potion of invisibility {unknown}
 i - a potion of berserk rage {unknown}
 j - a potion of attraction {unknown}
 n - 2 potions of degeneration {unknown}
 q - a potion of curing {unknown}


   Skills:
 + Level 1.1 Fighting
 + Level 2.4 Dodging
 + Level 0.8 Stealth
 + Level 4.2 Unarmed Combat
 + Level 0.1 Ice Magic
 + Level 3.6 Shapeshifting


You had 2 spell levels left.
You knew the following spells:

 Your Spells              Type           Power      Damage    Failure   Level
a - Freeze                Ice            0%         1d3       36%         1

Your spell library contained the following spells:

 Spells                   Type           Power      Damage    Failure   Level
 Frozen Ramparts          Ice            0%         1d1       73%         3
 Hailstorm                Conj/Ice       0%         3d3       75%         3


Dungeon Overview and Level Annotations

Branches:
Dungeon (3/15)

Altars:
Hepliaklqana

Shops:
D:1 *


Innate Abilities, Weirdness & Mutations

You are a hulking beast.
Your limbs bulge with bestial killing power. (Slay +2)
Your plain brown scales are hard. (AC +5)
You cannot fit into any form of body armour.
You are cold-blooded and may be slowed by cold attacks.


Message History

Unknown command.
You start resting.
HP restored.
Okay, then.
There is a stone staircase leading down here.
You begin transforming.
You continue transforming. x3
Your transformation has ended.
You turn into a hulking beast.
You climb downwards.
The ogre barely misses you.
There is a stone staircase leading up here.
You completely miss the ogre.
Your tail-slap misses the ogre.
You punch the ogre.
The ogre is lightly wounded.
The ogre barely misses you.
You completely miss the ogre. You tail-slap the ogre.
The ogre is moderately wounded.
The ogre hits you with a +0 giant club!!
Ouch! That really hurt!
There is a stone staircase leading up, spattered with blood here.
You climb upwards.
There is a stone staircase leading down here.
You start resting.
HP restored.
You climb downwards.
The ogre closely misses you.
There is a stone staircase leading up, spattered with blood here.
You closely miss the ogre. The ogre closely misses you.
You hit the ogre.
The ogre is lightly wounded.
You hit the ogre.
The ogre is moderately wounded.
The ogre barely misses you.
You barely miss the ogre.
The ogre is moderately wounded.
You hit the ogre but do no damage. You tail-slap the ogre.
The ogre is heavily wounded.
The ogre hits you with a +0 giant club!!
Ouch! That really hurt!
The ogre attacks as it pursues you! The ogre closely misses you.
The ogre attacks as it pursues you! The ogre hits you with a +0 giant club!
You die...

####..(..#...##.#...#.#..)#.#....
##...##......#.#.††#####...#..
#...#########..##'.....'##...
######### #....#..#.#.###.#)#.#.
...## #.##'#..###..#..###...
##..# #......#...#...#...#..
.......# #................#....
####...# #...O..#..#.#......... .
.##.# ##.##h##..#...######## ##
.# # #.##.##..#.###
.#######....##..#.#
#...............#.#
#######.######.##.# #.# #..#.#
#.# ####....# #.# #.....### #.#
#.##.##


You could see an ogre.

Vanquished Creatures
  3 adders
  2 worms
  6 dart slugs
  7 ball pythons
  5 endoplasms
  2 giant cockroaches
  3 goblins
  6 hobgoblins
  2 jackals (D:1)
  3 kobolds (D:1)
  2 quokkas (D:1)
  7 bats
  4 frilled lizards (D:1)
  5 rats
57 creatures vanquished.

Notes
Turn   | Place    | Note
-------+----------+-------------------------------------------
     0 | D:1      | rvierbuc the Draconian Shapeshifter began the quest for the
                  | Orb.
     0 | D:1      | Reached XP level 1. HP: 16/16 MP: 1/1
    74 | D:1      | Reached XP level 2. HP: 14/23 MP: 2/2
   168 | D:1      | Found Ihomapse's General Store.
   352 | D:1      | Reached XP level 3. HP: 28/28 MP: 3/3
   470 | D:1      | Found a faded altar of an unknown god.
   904 | D:2      | Learned a level 1 spell: Freeze
   995 | D:2      | Found a hazy altar of Hepliaklqana.
  1083 | D:2      | Reached skill level 4 in Unarmed Combat
  1216 | D:2      | Reached XP level 4. HP: 11/35 MP: 4/4
  1809 | D:3      | Noticed an ogre
  2023 | D:3      | Slain by an ogre

Illustrated notes

Levels and vault maps discovered:
D:1:      dpeg_arrival_shrine, layout_loops_cross, basic_ecumenical_altar,
          serial_shops, nicolae_diamond_shop
D:2:      layout_basic, basic_altar
D:3:      wad_crossroads, layout_basic, minmay_fractal_squares_diagonal_5,
          uniq_grinder

Skill      XL: |  1  2  3 |
---------------+----------+-----
Dodging        | 2 |  2.4
Unarmed Combat | 4 |  4.2
Fighting       | |  1.1
Stealth        | |  0.8
Ice Magic      | |  0.1
Shapeshifting  | |  3.6

Action                     |  1- 3 |  4- 6 || total
---------------------------+-------+-------++-------
  Melee: Unarmed           |   108 |    32 ||   140
         Tailslap          |    10 |     5 ||    15
         Maw               |     9 |     7 ||    16
         Punch             |     1 |     3 ||     4
   Cast: Freeze            |     2 |       ||     2
Ability: Begin Untransform |     1 |       ||     1
   Stab: Sleeping          |     1 |     1 ||     2
 Armour: Skin              |    36 |     7 ||    43
  Dodge: Dodged            |    91 |    22 ||   113
   Form: Beast             |     1 |     1 ||     2
         Maw               |     1 |       ||     1
         Flux              |       |     1 ||     1

Table legend: (Time is in decaauts)
 A = Elapsed time spent in this place.
 B = Non-inter-level travel time spent in this place.
 C = Inter-level travel time spent in this place.
 D = Time resting spent in this place.
 E = Time spent auto-exploring this place.
 F = Levels seen in this place.
 G = Mean time per level.
                   A        B        C        D        E       F      G
               +--------+--------+--------+--------+--------+-----+--------+
         Total |   2015 |   1947 |     68 |    178 |   1382 |   3 |  671.7 |
       Dungeon |   2015 |   1947 |     68 |    178 |   1382 |   3 |  671.7 |
               +--------+--------+--------+--------+--------+-----+--------+

Top non-repeatable levels by time:
     D:2: 1029 daAuts
     D:1: 714 daAuts
     D:3: 271 daAuts
